 Dungeon Crawl Stone Soup version 0.31-a0-1071-gaead2f62b1 (webtiles) character file.

Game seed: 666137250510238066

29 Jeffwins the Caller (level 3, 0/15 HPs)
             Began as a Felid Summoner on Nov 26, 2023.
             Slain by a frilled lizard (3 damage)
             ... on level 2 of the Dungeon.
             The game lasted 00:01:24 (1047 turns).

Jeffwins the Caller (Felid Summoner)                Turns: 1047, Time: 00:01:24

Health: 0/15       AC:  1    Str:  4    XL:     3   Next: 1%
Magic:  4/7        EV: 17    Int: 18    God:
Gold:   98         SH:  0    Dex: 16    Spells: 0/6 levels left
                                        Lives:  0   Deaths: 1

rFire   . .          .
                       - Unarmed
rCold   . . .        (shield unavailable)
rNeg    . . .        (body armour unavailable)
rPois   .            (helmet unavailable)
rElec   .            (cloak unavailable)
rCorr   .            (gloves unavailable)
SInv    +            (boots unavailable)
Will    .....        (no amulet)
Stlth   ++           (no ring)
HPRegen 0.22/turn    (no ring)
MPRegen 0.10/turn

%: no passive effects
@: lethally poisoned (0 -> -1), quick
A: very small, claws 1, fangs 3, see invisible, speed 1, shaggy fur 1, stealthy
paws, no weapons or thrown items, no armour, multi-lived
a: no special abilities


You were on level 2 of the Dungeon.
You visited 1 branch of the dungeon, and saw 2 of its levels.

You collected 98 gold pieces.


Innate Abilities, Weirdness & Mutations

You have sharp claws.
You have razor-sharp teeth.
You have supernaturally acute eyesight. (SInv)
You cover ground quickly. (Speed+)
You are covered in fur. (AC +1)
Your paws help you pounce on unaware monsters.
You are incapable of wielding weapons or throwing items.
You cannot wear armour.
You gain extra lives every three experience levels.


   Skills:
 + Level 0.6 Fighting
 + Level 3.0 Dodging
 + Level 3.0 Stealth
 * Level 1.1 Unarmed Combat
 + Level 2.1 Spellcasting
 * Level 4.2 Summonings


You couldn't memorise any spells.
You knew the following spells:

 Your Spells              Type           Power      Damage    Failure   Level
f - Call Canine Familiar  Summ           17%        N/A       10%         3
x - Summon Small Mammal   Summ           68%        N/A       3%          1
z - Call Imp              Summ           34%        N/A       4%          2

Your spell library contained the following spells:

 Spells                   Type           Power      Damage    Failure   Level
 Summon Guardian Golem    Hex/Summ       9%         N/A       22%         3
 Summon Lightning Spire   Summ/Air       9%         N/A       58%         4

Inventory:

Scrolls
 d - 5 scrolls of identify {unknown}
 e - a scroll of teleportation {unknown}
 f - a scroll of enchant armour {unknown}
Potions
 a - a potion of magic
 b - a potion of attraction {unknown}
 c - 2 potions of haste {unknown}

Dungeon Overview and Level Annotations

Branches:
Dungeon (2/15)

Altars:

### #.......###...+ ..# #######.#
##..▒ #.# #.# ##.▒ ...########
#.# #.▒
#.#.......##########.#####.▒
#.#.......##...8..∩..8...#'#▒
#.#.......##................##
#.........##.................##
##........##♣..l@5......∩.....##
#o).......##...S...............##
................b................
#...##.#####8..8.....8..8........
#†........##....................#
#.####.##..#....................#
#.# #..# )....∩..∩..∩..8...#...#
#.# #.## ##...............###..#
#.###.###.# .. ..........# #...


You could see an adder, a frilled lizard (ally target), a friendly cerulean imp
(summoned) and a friendly bat (summoned).


Message History

The adder poisons you! The frilled lizard barely misses you.
Cast which spell? (? or * to list)
A tiny devil pulls itself out of the air.
You feel sick. The adder misses you. The frilled lizard closely misses you.
The adder misses you.
Unknown command.
Casting: Call Imp (safe; 4% risk of failure)
Confirm with . or Enter, or press ? or * to list all spells.
You feel sick. The adder barely misses you. The frilled lizard misses you.
Unknown command.
You scratch the adder.
The adder is heavily wounded.
You feel sick.
Your bat completely misses the frilled lizard.
The adder misses you. The frilled lizard bites you.
* * * LOW HITPOINT WARNING * * *
Your cerulean imp barely misses the frilled lizard.
You barely miss the adder.
The adder is heavily wounded.
You feel sick. The adder barely misses you.
Your bat barely misses the frilled lizard.
The frilled lizard barely misses you.
Your cerulean imp completely misses the frilled lizard.
Unknown command.
You miss the adder.
The adder is heavily wounded.
You feel sick.
Your bat barely misses the frilled lizard.
The adder closely misses you. The frilled lizard bites you.
You die...

Skill      XL: |  1  2 |
---------------+-------+-----
Stealth        | 3 |  3.0
Dodging        | 3 |  3.0
Unarmed Combat | 1 |  1.1
Fighting       | |  0.6
Spellcasting   | |  2.1
Summonings     | |  4.2

Action                     || total
---------------------------++-------
  Melee: Unarmed           ||    82
         Bite              ||     5
         Punch             ||     1
   Cast: Summon Small Mamm ||     1
         Call Imp          ||     1
   Stab: Sleeping          ||    11
 Armour: Skin              ||    22
  Dodge: Dodged            ||    72

Levels and vault maps discovered:
D:1:      lightli_arrival_statuegarden, layout_loops_ring
D:2:      layout_loops_corners, basic_altar,
          hellmonk_ecumenical_altar_arch_garden, minivault_27, corexii_shack,
          kennysheep_another_room, minmay_misc_feat_iff

Notes
Turn   | Place    | Note
-------+----------+-------------------------------------------
     0 | D:1      | Jeffwins the Felid Summoner began the quest for the Orb.
     0 | D:1      | Reached XP level 1. HP: 7/7 MP: 4/4
   145 | D:1      | Reached XP level 2. HP: 11/11 MP: 6/6
   187 | D:1      | Learned a level 2 spell: Call Imp
   237 | D:1      | Reached skill level 3 in Stealth
   410 | D:1      | Reached skill level 3 in Dodging
   790 | D:2      | Hit by a boomerang thrown by an orc
   804 | D:2      | Reached skill level 1 in Unarmed Combat
   940 | D:2      | Reached XP level 3. HP: 15/15 MP: 7/7
   944 | D:2      | Learned a level 3 spell: Call Canine Familiar
  1034 | D:2      | Found a faded altar of an unknown god.
  1047 | D:2      | Slain by a frilled lizard

Vanquished Creatures
  A dart slug (D:1)
  2 endoplasms
  A giant cockroach (D:2)
  3 goblins
  7 hobgoblins
  3 kobolds
  A quokka (D:1)
  3 bats
  A frilled lizard (D:1)
  2 rats (D:1)
24 creatures vanquished.

Table legend: (Time is in decaauts)
 A = Elapsed time spent in this place.
 B = Non-inter-level travel time spent in this place.
 C = Inter-level travel time spent in this place.
 D = Time resting spent in this place.
 E = Time spent auto-exploring this place.
 F = Levels seen in this place.
 G = Mean time per level.
                   A        B        C        D        E       F      G
               +--------+--------+--------+--------+--------+-----+--------+
         Total |    873 |    868 |      5 |      0 |    666 |   2 |  436.5 |
       Dungeon |    873 |    868 |      5 |      0 |    666 |   2 |  436.5 |
               +--------+--------+--------+--------+--------+-----+--------+

Top non-repeatable levels by time:
     D:1: 616 daAuts
     D:2: 257 daAuts

Table legend:
 A = Non-vault XP
 B = Vault XP
 C = Vault XP percentage of total XP
 D = Non-vault monster count
 E = Vault monster count
 F = Vault count percentage of total count
                 A         B        C        D         E       F
            +---------+---------+-------+---------+---------+-------
      Total |      41 |       1 |   2.4 |      23 |       1 |   4.2
            +---------+---------+-------+---------+---------+-------
        D:1 |      29 |       0 |   0.0 |      16 |       0 |   0.0
        D:2 |      12 |       1 |   7.7 |       7 |       1 |  12.5
            +---------+---------+-------+---------+---------+-------
